[Event "Titled Tuesday Blitz October 31 Early 2023"]
[White "Di Nicolantonio, Lucas"]
[Black "Ivic, Velimir"]
[WhiteFideId "680460"]
[BlackFideId "950122"]
[WhiteElo "2594"]
[BlackElo "2852"]
[Result "0-1"]
[Round "2"]
[TimeControl "180+1"]
[Date "2023.10.31"]
[WhiteClock "0:00:04"]
[BlackClock "0:00:06"]
[Board "31"]

1. Nf3 Nf6 2. c4 g6 3. Nc3 Bg7 4. g3 d6 5. Bg2 e5 6. O-O O-O 7. d3 Nc6 8. Rb1 a5 9. a3 Re8 10. b4 axb4 11. axb4 Nd4 12. Nd2 c6 13. e3 Ne6 14. b5 d5 15. bxc6 bxc6 16. cxd5 cxd5 17. Bb2 Ba6 18. Nb3 Rb8 19. Ba1 e4 20. dxe4 Bxf1 21. Qxf1 dxe4 22. Nxe4 Nxe4 23. Bxe4 Bxa1 24. Nxa1 Nc5 25. Rxb8 Qxb8 26. Bd5 Qb2 27. Nb3 Ne4 28. Bxe4 Rxe4 29. Nd4 Re8 30. Kg2 Qb7+ 31. Kg1 Rc8 32. h4 Qe4 33. Kh2 h5 34. Qg2 Qe5 35. Qb7 Rc7 36. Qa8+ Kg7 37. Kg2 Qf6 38. Qd5 Ra7 39. Qf3 Qb6 40. Qd5 Ra1 41. Qe5+ Kh7 42. Nf3 Ra8 43. Qd5 Rf8 44. Ng5+ Kg7 45. Qe5+ Kg8 46. Qd5 Qf6 47. Ne4 Qe7 48. Qd4 f6 49. Qd5+ Kg7 50. Nc5 Re8 51. Qc6 Kh7 52. Nd3 Qe4+ 53. Qxe4 Rxe4 54. Nf4 Kh6 55. Kf3 Ra4 56. Kg2 g5 57. hxg5+ fxg5 58. Nd5 Kg6 59. Nc3 Ra3 60. Ne2 Ra2 61. Nd4 Kf6 62. Kf3 Ke5 63. Nc6+ Kd6 64. Nd4 Kd5 65. Nf5 g4+ 66. Kg2 Ke4 67. Ng7 Ra5 68. Ne6 Kd3 69. Nf4+ Kd2 70. e4 Ke1 71. Nd3+ Ke2 72. Nf4+ Kd2 73. f3 Ke3 74. fxg4 hxg4 75. Nd5+ Kxe4 76. Nf6+ Kf5 77. Nh5 Ra2+ 78. Kg1 Ke4 79. Ng7 Kf3 80. Nf5 Ra5 0-1


[Site "https://www.chess.com"]

[Event "Titled Tuesday Blitz October 31 Early 2023"]
[White "Madaminov, Mukhiddin"]
[Black "Jia, Haoxiang"]
[WhiteFideId "14210703"]
[BlackFideId "8602999"]
[WhiteElo "2846"]
[BlackElo "2591"]
[Result "1-0"]
[Round "2"]
[TimeControl "180+1"]
[Date "2023.10.31"]
[WhiteClock "0:02:28"]
[BlackClock "0:01:37"]
[Board "32"]

1. d4 Nf6 2. Nc3 g6 3. e4 d6 4. f4 Bg7 5. Bd3 c5 6. dxc5 dxc5 7. e5 Ng4 8. Bb5+ Nc6 9. Bxc6+ bxc6 10. Qxd8+ Kxd8 11. h3 Nh6 12. Be3 c4 13. Nf3 Nf5 14. Bc5 Kc7 15. g4 Nh6 16. Bxe7 Re8 17. Bd6+ Kb7 18. O-O-O Be6 19. Ng5 f6 20. Nxe6 Rxe6 21. Ne4 fxe5 22. Nc5+ 1-0


[Site "https://www.chess.com"]

[Event "Titled Tuesday Blitz October 31 Early 2023"]
[White "Donchenko, Alexander"]
[Black "Hoang, Thi Bao Tram"]
[WhiteFideId "24603295"]
[BlackFideId "12401102"]
[WhiteElo "2842"]
[BlackElo "2591"]
[Result "1-0"]
[Round "2"]
[TimeControl "180+1"]
[Date "2023.10.31"]
[WhiteClock "0:00:55"]
[BlackClock "0:00:35"]
[Board "33"]

1. Nf3 d5 2. g3 Nf6 3. Bg2 c6 4. O-O Bf5 5. d3 e6 6. Nh4 Bg4 7. h3 Bh5 8. Qe1 Be7 9. e4 Nfd7 10. Nf3 a5 11. Bf4 Na6 12. Nc3 O-O 13. a3 Bxf3 14. Bxf3 e5 15. Bd2 d4 16. Ne2 Nac5 17. Bg2 Na4 18. b3 Nac5 19. f4 f6 20. g4 a4 21. b4 Ne6 22. f5 Nc7 23. h4 c5 24. bxc5 Nxc5 25. Qg3 h6 26. Bf3 Nb5 27. Kf2 Nd7 28. Bc1 Rc8 29. Ra2 Rc6 30. Rg1 Rf7 31. g5 fxg5 32. Bh5 Rf8 33. hxg5 Bxg5 34. Rb2 Nd6 35. Qh2 Bxc1 36. Nxc1 Nf6 37. Bd1 Nf7 38. Ne2 Nh7 39. Ng3 Nfg5 40. Rxb7 Rf7 41. Rb4 Rfc7 42. Kf1 Nf6 43. Nh5 Nfh7 44. Rxa4 Qc8 45. Rg2 Rb6 46. Rb4 Rxb4 47. axb4 Qe8 48. Rf2 Rc6 49. Bg4 Rb6 50. f6 Nxf6 51. Nxf6+ Rxf6 52. Rxf6 gxf6 53. Qxh6 Qe7 54. Qg6+ Kf8 55. b5 Qd6 56. Bh5 Ke7 57. Qe8# 1-0


[Site "https://www.chess.com"]

[Event "Titled Tuesday Blitz October 31 Early 2023"]
[White "Aaditya Dhingra"]
[Black "Klukin, Kirill"]
[WhiteFideId "25678191"]
[BlackFideId "24199273"]
[WhiteElo "2588"]
[BlackElo "2842"]
[Result "0-1"]
[Round "2"]
[TimeControl "180+1"]
[Date "2023.10.31"]
[WhiteClock "0:00:05"]
[BlackClock "0:00:06"]
[Board "34"]

1. e4 c5 2. Nf3 g6 3. c3 Bg7 4. d4 c4 5. Bxc4 d6 6. h4 h5 7. Be3 Bg4 8. Qb3 e6 9. Qxb7 Nd7 10. Bb5 Nf6 11. Bg5 Rb8 12. Qa6 O-O 13. Nbd2 Qc7 14. O-O Rb6 15. Qa4 Rfb8 16. Bxd7 Nxd7 17. Nb3 Bxf3 18. gxf3 R6b7 19. Kg2 Nb6 20. Qa5 Qc6 21. Qa6 Qc4 22. Qxc4 Nxc4 23. Bc1 a5 24. Rd1 Bf6 25. Nd2 Nxb2 26. Bxb2 Rxb2 27. Nc4 Rc2 28. Rdc1 Rxc1 29. Rxc1 Bxh4 30. Rc2 a4 31. Nxd6 Be7 32. Nc4 Kf8 33. Kf1 Ke8 34. Ke2 h4 35. f4 a3 36. Kd3 Rb1 37. d5 exd5 38. exd5 h3 39. f3 Rh1 40. d6 Bf6 41. Re2+ Kd7 42. Ne3 h2 43. Kc4 Rc1 44. Rxh2 Rxc3+ 45. Kd5 Rxe3 46. Rh7 Rd3+ 47. Ke4 Rxd6 48. Ke3 Re6+ 49. Kd3 Ke7 0-1


[Site "https://www.chess.com"]

[Event "Titled Tuesday Blitz October 31 Early 2023"]
[White "Sychev, Klementy"]
[Black "Omelja, Artem"]
[WhiteFideId "4114060"]
[BlackFideId "14119846"]
[WhiteElo "2833"]
[BlackElo "2583"]
[Result "1-0"]
[Round "2"]
[TimeControl "180+1"]
[Date "2023.10.31"]
[WhiteClock "0:00:30"]
[BlackClock "0:00:00"]
[Board "35"]

1. e4 c5 2. Nf3 Nc6 3. d4 cxd4 4. Nxd4 Nf6 5. Nc3 e5 6. Ndb5 d6 7. Bg5 a6 8. Na3 b5 9. Bxf6 gxf6 10. Nd5 f5 11. g3 fxe4 12. Bg2 Bf5 13. c3 Bg7 14. Nc2 O-O 15. Nce3 Bg6 16. h4 f5 17. h5 Be8 18. g4 f4 19. Nf5 f3 20. Bh3 Bf7 21. h6 Bh8 22. g5 Bg6 23. Nh4 Qxg5 24. Be6+ Bf7 25. Bd7 Be8 26. Bxe8 Raxe8 27. Ne3 Rf4 28. Qd5+ Kf8 29. Qxc6 Rxh4 30. Qxd6+ Kf7 31. Qd5+ Kf8 32. O-O-O Rxh1 33. Rxh1 Bf6 34. Qxe4 Qg6 35. Qxf3 e4 36. Qd1 Rd8 37. Qf1 Bg5 38. Rg1 Qxh6 39. Kb1 Qf6 40. Qg2 Bxe3 41. fxe3 Ke7 42. Qxe4+ Kd6 43. Qxh7 Qf3 44. Rg6+ Kc5 45. Qc7+ 1-0


[Site "https://www.chess.com"]

[Event "Titled Tuesday Blitz October 31 Early 2023"]
[White "Gurevich, Dmitry"]
[Black "Kozak, Antoni"]
[WhiteFideId "2000407"]
[BlackFideId "21832030"]
[WhiteElo "2581"]
[BlackElo "2832"]
[Result "0-1"]
[Round "2"]
[TimeControl "180+1"]
[Date "2023.10.31"]
[WhiteClock "0:00:00"]
[BlackClock "0:00:07"]
[Board "36"]

1. d4 Nf6 2. c4 e6 3. Nc3 d5 4. Nf3 c6 5. e3 Nbd7 6. Qc2 Bd6 7. b3 O-O 8. Be2 b6 9. O-O Bb7 10. Bb2 Qe7 11. Rad1 Rad8 12. Rfe1 Rfe8 13. h3 e5 14. cxd5 cxd5 15. dxe5 Nxe5 16. Nb5 Nxf3+ 17. Bxf3 Bb4 18. Rf1 Ba6 19. a4 Ne4 20. Bd4 Ng5 21. Be2 Ne6 22. Bb2 Rc8 23. Qf5 d4 24. Bxd4 Nxd4 25. Nxd4 g6 26. Qb1 Bb7 27. Bf3 Ba6 28. Nc6 Qc5 29. Rc1 Qf8 30. Rfd1 Ba3 31. Rc2 Rc7 32. Qa1 Bb7 33. Nd4 Rxc2 34. Nxc2 Bxf3 35. gxf3 Bc5 36. b4 Be7 37. Qd4 Qh6 0-1


[Site "https://www.chess.com"]

[Event "Titled Tuesday Blitz October 31 Early 2023"]
[White "Karolczuk, Iwo"]
[Black "Gontcharov, Vladislav"]
[WhiteFideId "21816972"]
[BlackFideId "4123492"]
[WhiteElo "2827"]
[BlackElo "2574"]
[Result "1-0"]
[Round "2"]
[TimeControl "180+1"]
[Date "2023.10.31"]
[WhiteClock "0:00:09"]
[BlackClock "0:00:00"]
[Board "37"]

1. e4 e6 2. d4 d5 3. Nd2 Be7 4. Ngf3 Nf6 5. Bd3 c5 6. dxc5 O-O 7. Qe2 a5 8. O-O Na6 9. e5 Nd7 10. c3 Naxc5 11. Bc2 a4 12. Nd4 f5 13. exf6 Nxf6 14. N2f3 Bd6 15. Bg5 b6 16. Rfe1 Re8 17. Ne5 Ba6 18. Qf3 h6 19. Ndc6 Qc7 20. Bxf6 gxf6 21. Qxf6 Qg7 22. Qh4 Bb7 23. Re3 Bxc6 24. Nxc6 Qg5 25. Qh3 Kh8 26. Rae1 Rg8 27. Rf3 Raf8 28. Rxf8 Rxf8 29. Nd4 Qf4 30. f3 e5 31. Nf5 Rf6 32. Nxd6 Rxd6 33. Qc8+ Kg7 34. Qc7+ Rd7 35. Qxe5+ Qxe5 36. Rxe5 d4 37. cxd4 Rxd4 38. Re2 b5 39. Kf2 b4 40. g3 b3 41. axb3 1-0


[Site "https://www.chess.com"]

[Event "Titled Tuesday Blitz October 31 Early 2023"]
[White "Alonso Rosell, Alvar"]
[Black "Mitrabha, Guha"]
[WhiteFideId "2270544"]
[BlackFideId "5057000"]
[WhiteElo "2573"]
[BlackElo "2824"]
[Result "0-1"]
[Round "2"]
[TimeControl "180+1"]
[Date "2023.10.31"]
[WhiteClock "0:00:19"]
[BlackClock "0:00:57"]
[Board "38"]

1. Nf3 Nf6 2. c4 b6 3. g3 Bb7 4. Bg2 c5 5. O-O g6 6. Nc3 Bg7 7. d4 cxd4 8. Qxd4 O-O 9. Qh4 d6 10. Bh6 Nbd7 11. Rac1 Rc8 12. b3 Rc5 13. Bxg7 Kxg7 14. Rfd1 Qa8 15. Ne1 Bxg2 16. Nxg2 Rfc8 17. Ne3 Rh5 18. Qd4 Qc6 19. Ncd5 Re8 20. Nxf6 Nxf6 21. g4 Re5 22. Nd5 h6 23. f4 Re4 24. Qd3 Qc5+ 25. e3 Nxd5 26. Qxe4 Nxe3 27. Qd4+ Qxd4 28. Rxd4 Nxg4 29. b4 Rc8 30. c5 Ne3 31. Rd3 Nf5 32. c6 e6 33. Ra3 Rc7 34. Rxa7 Rxa7 35. c7 Ne7 0-1


[Site "https://www.chess.com"]

[Event "Titled Tuesday Blitz October 31 Early 2023"]
[White "Sattarov, Bobir"]
[Black "Golubev, Mikhail"]
[WhiteFideId "14203081"]
[BlackFideId "14100983"]
[WhiteElo "2812"]
[BlackElo "2572"]
[Result "1/2-1/2"]
[Round "2"]
[TimeControl "180+1"]
[Date "2023.10.31"]
[WhiteClock "0:00:17"]
[BlackClock "0:00:20"]
[Board "39"]

1. d4 Nf6 2. Nf3 g6 3. Bf4 Bg7 4. e3 O-O 5. Be2 c5 6. c3 b6 7. O-O Bb7 8. Nbd2 d6 9. a4 Nh5 10. Bg5 h6 11. Bh4 g5 12. Ne1 gxh4 13. Bxh5 Nd7 14. Bf3 d5 15. Nd3 e5 16. dxe5 Nxe5 17. Nxe5 Bxe5 18. Qc2 Qf6 19. Rfd1 Rad8 20. h3 Bc7 21. a5 Qe5 22. Nf1 c4 23. Rd4 Bc6 24. axb6 axb6 25. Rg4+ Kh8 26. Rxh4 Rd6 27. Rd1 Rf6 28. Rh5 Qe6 29. Bxd5 Bxd5 30. Rdxd5 Rg8 31. Qd2 Qe4 32. g3 Qf3 33. Rd7 Bxg3 34. Nxg3 Rxg3+ 35. fxg3 Qf1+ 36. Kh2 Rf2+ 37. Qxf2 Qxf2+ 38. Kh1 Qf1+ 39. Kh2 Qf2+ 40. Kh1 Qf1+ 41. Kh2 Qf2+ 1/2-1/2


[Site "https://www.chess.com"]

[Event "Titled Tuesday Blitz October 31 Early 2023"]
[White "Soham Kamotra"]
[Black "Pakleza, Zbigniew"]
[WhiteFideId "46647490"]
[BlackFideId "1119290"]
[WhiteElo "2571"]
[BlackElo "2806"]
[Result "0-1"]
[Round "2"]
[TimeControl "180+1"]
[Date "2023.10.31"]
[WhiteClock "0:00:09"]
[BlackClock "0:00:05"]
[Board "40"]

1. c4 c6 2. Nf3 d5 3. e3 Nf6 4. Be2 Bf5 5. Qb3 Qb6 6. Nc3 e6 7. O-O Nbd7 8. d4 Be7 9. c5 Qc7 10. h3 h6 11. Qa4 O-O 12. b4 a6 13. Bb2 Rfe8 14. Qb3 Ne4 15. Nxe4 Bxe4 16. Ne5 Nxe5 17. dxe5 a5 18. a3 b6 19. Bd4 bxc5 20. bxc5 Reb8 21. Qc3 a4 22. Bd1 Qa5 23. Qxa5 Rxa5 24. Rc1 Rbb5 25. f3 Bd3 26. Rf2 Bc4 27. e4 Rxc5 28. exd5 exd5 29. Bc3 Ra7 30. Bb4 Kf8 31. Be2 Rb5 32. Bxc4 dxc4 33. Bxe7+ Kxe7 34. Rxc4 Rb3 35. Ra2 Ra6 36. f4 Ke6 37. Rd4 g5 38. fxg5 hxg5 39. Re2 Rxa3 40. Rd6+ Ke7 41. Rh6 Ra1+ 42. Kh2 a3 43. e6 fxe6 44. Rhxe6+ Kd7 45. Re7+ Kd6 46. R7e6+ Kc7 47. Re8 a2 48. R8e7+ Kb6 49. Rb2+ Kc5 50. Re5+ Kd6 51. Rxg5 Rh1+ 52. Kg3 a1=Q 53. Rd2+ Kc7 54. Rg7+ Kb6 55. Rf7 Qe5+ 56. Rf4 Qe3+ 57. Kg4 Qxd2 58. g3 Qg2 59. h4 Qh3+ 60. Kg5 Qxg3+ 61. Kh5 Qxf4 62. Kg6 Rg1+ 63. Kh5 Qf5+ 64. Kh6 Qg6# 0-1


[Site "https://www.chess.com"]

[Event "Titled Tuesday Blitz October 31 Early 2023"]
[White "Hambleton, Aman"]
[Black "borocotoajua"]
[WhiteFideId "2606577"]
[WhiteElo "2805"]
[BlackElo "2568"]
[Result "1-0"]
[Round "2"]
[TimeControl "180+1"]
[Date "2023.10.31"]
[WhiteClock "0:00:33"]
[BlackClock "0:00:00"]
[Board "41"]

1. d4 Nf6 2. Bf4 g6 3. e3 Bg7 4. h3 O-O 5. Nf3 b6 6. Be2 Bb7 7. O-O d6 8. Bh2 Nbd7 9. a4 a5 10. Re1 Ne4 11. Nfd2 Ndf6 12. Nxe4 Nxe4 13. Nd2 f5 14. Nxe4 fxe4 15. c4 c5 16. d5 Bxb2 17. Rb1 Bc3 18. Rf1 Bb4 19. Bg4 Bc8 20. Qc2 Bf5 21. Be2 h5 22. g4 hxg4 23. hxg4 Bd7 24. Qxe4 Rf6 25. Bf4 Qf8 26. Bg5 Bxa4 27. Kg2 Bd7 28. Bd3 Be8 29. Kg3 1-0


[Site "https://www.chess.com"]

[Event "Titled Tuesday Blitz October 31 Early 2023"]
[White "LeoLV10"]
[Black "Kamsky, Gata"]
[BlackFideId "2000024"]
[WhiteElo "2567"]
[BlackElo "2805"]
[Result "0-1"]
[Round "2"]
[TimeControl "180+1"]
[Date "2023.10.31"]
[WhiteClock "0:00:02"]
[BlackClock "0:00:29"]
[Board "42"]

1. e4 c5 2. Nf3 e6 3. d4 cxd4 4. Nxd4 a6 5. Bd3 g6 6. O-O Bg7 7. Be3 Nf6 8. c4 d6 9. Nc3 O-O 10. Qe2 b6 11. Rac1 Bb7 12. Rfd1 Nbd7 13. f3 Rc8 14. b3 Qc7 15. Bb1 Qb8 16. f4 Rfe8 17. Bf2 e5 18. fxe5 Nxe5 19. h3 Ned7 20. Nf3 Nc5 21. Nd5 Nfxe4 22. b4 Bxd5 23. bxc5 Nxf2 24. Qxf2 Bxf3 25. Qxf3 bxc5 26. Be4 Bd4+ 27. Kh1 Kg7 28. Bd5 f5 29. Rb1 Bb2 30. Qf2 Bd4 31. Qc2 Re7 32. Rxb8 Rxb8 33. Qa4 Rbe8 34. g4 fxg4 35. hxg4 Re2 36. Qd7+ R8e7 37. Qxd6 R7e3 38. Qd7+ Kh6 39. Bg2 Rg3 40. Qc6 Rxg4 41. Qf3 Rh4+ 42. Bh3 Re3 43. Qxe3+ Bxe3 44. Kg2 Rf4 45. Rd5 Rf2+ 46. Kg3 Rxa2 47. Re5 Bd4 48. Re7 Ra3+ 49. Kg4 a5 50. Bg2 Re3 51. Ra7 Be5 52. Bf3 Ra3 53. Re7 Bf6 54. Rf7 Bd4 55. Ra7 Ra1 56. Bc6 Rg1+ 57. Kh4 g5+ 58. Kh3 g4+ 59. Kh2 Rc1 60. Kg3 Kg5 61. Rxa5 h5 62. Ra8 h4+ 63. Kg2 Rc2+ 64. Kh1 g3 65. Rg8+ Kf4 66. Rf8+ Ke5 67. Re8+ Kd6 68. Bd5 Rh2# 0-1


[Site "https://www.chess.com"]

[Event "Titled Tuesday Blitz October 31 Early 2023"]
[White "Jaskolka, Tomasz"]
[Black "Stearman, Josiah"]
[WhiteFideId "1170791"]
[BlackFideId "2062496"]
[WhiteElo "2564"]
[BlackElo "2803"]
[Result "1-0"]
[Round "2"]
[TimeControl "180+1"]
[Date "2023.10.31"]
[WhiteClock "0:00:14"]
[BlackClock "0:00:00"]
[Board "44"]

1. d4 d5 2. Nc3 Nf6 3. Bf4 e6 4. Nb5 Na6 5. e3 c6 6. Nc3 Bd6 7. Bxa6 bxa6 8. Nf3 a5 9. Ne5 Bxe5 10. Bxe5 Ba6 11. Qf3 O-O 12. Bxf6 gxf6 13. Na4 Rb8 14. b3 Bb5 15. Nc5 a4 16. b4 a5 17. a3 axb4 18. axb4 Ra8 19. Ra3 Kh8 20. h4 Rg8 21. h5 Rg5 22. g4 f5 23. gxf5 Rxf5 24. Qg3 Rg5 25. Qf4 Rf5 26. Qg3 Qg8 27. e4 Qxg3 28. Rxg3 dxe4 29. Nxe4 a3 30. Kd2 a2 31. Ra1 Bc4 32. f3 Bd5 33. Nd6 Rxf3 34. Rxf3 Bxf3 35. Nxf7+ Kg7 36. Ne5 Bxh5 37. Nxc6 Bf3 38. Na5 h5 39. Rxa2 h4 40. Ke3 Bd5 41. c4 Bh1 42. Rh2 1-0


[Site "https://www.chess.com"]

[Event "Titled Tuesday Blitz October 31 Early 2023"]
[White "Nurmanova, Alua"]
[Black "Badmatsyrenov, Oleg"]
[WhiteFideId "13729390"]
[BlackFideId "24115762"]
[WhiteElo "2563"]
[BlackElo "2796"]
[Result "1-0"]
[Round "2"]
[TimeControl "180+1"]
[Date "2023.10.31"]
[WhiteClock "0:00:41"]
[BlackClock "0:00:14"]
[Board "45"]

1. e4 c5 2. Nf3 e6 3. d4 cxd4 4. Nxd4 a6 5. c4 Qc7 6. Nc3 Nf6 7. Be2 b6 8. O-O Bb7 9. Qd3 d6 10. f4 Nbd7 11. b4 Rc8 12. Bb2 Be7 13. Rac1 O-O 14. g4 Rfd8 15. g5 Ne8 16. h4 Nc5 17. Qe3 Nd7 18. f5 exf5 19. Nxf5 Bf8 20. Nd5 Bxd5 21. cxd5 Qb7 22. h5 Ne5 23. Nd4 Qd7 24. Qf4 Rxc1 25. Bxc1 Nc7 26. Bb2 Re8 27. Nc6 Nxc6 28. dxc6 Qe6 29. Bg4 Qc4 30. Bd7 Re7 31. g6 Qxb4 32. gxf7+ Kh8 33. Bxg7+ Kxg7 34. Qg5+ Kh8 35. Qf6+ Bg7 36. f8=Q# 1-0


[Site "https://www.chess.com"]

[Event "Titled Tuesday Blitz October 31 Early 2023"]
[White "Vakhlamov, Igor L."]
[Black "Jeet, Jain"]
[WhiteFideId "24126748"]
[BlackFideId "5073022"]
[WhiteElo "2794"]
[BlackElo "2562"]
[Result "1-0"]
[Round "2"]
[TimeControl "180+1"]
[Date "2023.10.31"]
[WhiteClock "0:02:29"]
[BlackClock "0:02:20"]
[Board "46"]

1. e4 c5 2. Nf3 e6 3. Nc3 Nc6 4. d4 cxd4 5. Nxd4 Nf6 6. Bf4 a6 7. e5 Ng8 8. Nxc6 dxc6 9. Qxd8+ Kxd8 10. O-O-O+ Kc7 11. Ne4 Bd7 12. Be2 h6 13. h4 Ne7 14. Nd6 Be8 15. c4 Nc8 16. Nxe8+ 1-0


[Site "https://www.chess.com"]

[Event "Titled Tuesday Blitz October 31 Early 2023"]
[White "Hayrapetyan, Hovik"]
[Black "Guliev, Logman"]
[WhiteFideId "13302639"]
[BlackFideId "13400061"]
[WhiteElo "2783"]
[BlackElo "2559"]
[Result "0-1"]
[Round "2"]
[TimeControl "180+1"]
[Date "2023.10.31"]
[WhiteClock "0:00:43"]
[BlackClock "0:00:28"]
[Board "47"]

1. d4 Nf6 2. c4 e6 3. Nc3 Bb4 4. Nf3 O-O 5. Bg5 b6 6. e4 h6 7. Bh4 Be7 8. e5 Nh7 9. Bg3 Bb7 10. Bd3 d6 11. Qe2 Re8 12. O-O-O Nd7 13. h4 Nhf8 14. Bf4 dxe5 15. dxe5 Qc8 16. Rh3 Nc5 17. Bb1 f5 18. exf6 Bxf6 19. Ne5 Nfd7 20. Rg3 Nxe5 21. Bxe5 Bxe5 22. Qxe5 Re7 23. Rd4 Qf8 24. Rdg4 Rd8 25. Rg6 Rdd7 26. Rxh6 Qxf2 27. Rh8+ Kxh8 28. Qh5+ Kg8 29. Qh7+ Kf8 30. Qh8+ Kf7 31. Qxg7+ Ke8 32. Qg8+ Qf8 33. Bg6+ Rf7 34. Qh7 Kd8 35. Bxf7 Rxf7 36. Qg6 Rf1+ 37. Nd1 Qf4+ 38. Kc2 Be4+ 0-1


[Site "https://www.chess.com"]

[Event "Titled Tuesday Blitz October 31 Early 2023"]
[White "chess123456s"]
[Black "Saydaliev, Saidakbar"]
[BlackFideId "14203693"]
[WhiteElo "2552"]
[BlackElo "2781"]
[Result "0-1"]
[Round "2"]
[TimeControl "180+1"]
[Date "2023.10.31"]
[WhiteClock "0:00:10"]
[BlackClock "0:01:48"]
[Board "48"]

1. e4 e5 2. Nf3 Nc6 3. Bc4 Nf6 4. d3 Bc5 5. c3 a6 6. O-O d6 7. Nbd2 Ba7 8. Bb3 O-O 9. h3 h6 10. Re1 Nh5 11. Nf1 Qf6 12. Be3 Be6 13. d4 Ne7 14. Bxe6 fxe6 15. Nxe5 dxe5 16. Qxh5 exd4 17. cxd4 Bxd4 18. Bxd4 Qxd4 19. Qe2 Ng6 20. Qd2 Qf6 21. Rac1 Rad8 22. Qe3 Nf4 23. Rxc7 Rd3 24. Qc5 Qg6 25. Ng3 Rxg3 26. fxg3 Qxg3 0-1


[Site "https://www.chess.com"]

[Event "Titled Tuesday Blitz October 31 Early 2023"]
[White "Ozen, Bahadir"]
[Black "Arencibia Monduy, Antonio"]
[WhiteFideId "6337058"]
[BlackFideId "3507939"]
[WhiteElo "2781"]
[BlackElo "2546"]
[Result "1-0"]
[Round "2"]
[TimeControl "180+1"]
[Date "2023.10.31"]
[WhiteClock "0:00:16"]
[BlackClock "0:00:00"]
[Board "49"]

1. g3 c6 2. Nf3 d6 3. d4 Qc7 4. Bg2 e5 5. c4 f5 6. O-O Nf6 7. Nc3 e4 8. Nh4 d5 9. cxd5 cxd5 10. Bg5 Be6 11. Bxf6 gxf6 12. Bh3 Nc6 13. e3 O-O-O 14. Qh5 Kb8 15. Bxf5 Bf7 16. Qe2 Nb4 17. Ng2 Qb6 18. Rab1 Be6 19. Bxe6 Qxe6 20. Nf4 Qf7 21. a3 Nc6 22. Qh5 Qxh5 23. Nxh5 f5 24. Nf4 Ne7 25. Rfc1 Bh6 26. Ng2 a6 27. Kf1 Rhg8 28. Ke1 Bg5 29. h4 Bh6 30. Na4 Nc6 31. Nc5 Ka7 32. Rc3 Rd6 33. Rbc1 Rg7 34. Ke2 Na5 35. b3 Nc6 36. Na4 Rgd7 37. Rc5 Bf8 38. R5c2 Rh6 39. Nc5 Bxc5 40. Rxc5 Rhd6 41. Nf4 Kb6 42. h5 Ne7 43. Kd2 Rc6 44. b4 Rxc5 45. bxc5+ Kc6 46. Rb1 Kc7 47. Ne6+ 1-0


[Site "https://www.chess.com"]

[Event "Titled Tuesday Blitz October 31 Early 2023"]
[White "Brown, Andrew"]
[Black "Mekhitarian, Krikor Sevag"]
[WhiteFideId "3206513"]
[BlackFideId "2107660"]
[WhiteElo "2543"]
[BlackElo "2780"]
[Result "0-1"]
[Round "2"]
[TimeControl "180+1"]
[Date "2023.10.31"]
[WhiteClock "0:00:03"]
[BlackClock "0:00:08"]
[Board "50"]

1. d4 Nf6 2. c4 g6 3. Nc3 d5 4. cxd5 Nxd5 5. e4 Nxc3 6. bxc3 Bg7 7. Bb5+ c6 8. Ba4 O-O 9. Ne2 b5 10. Bb3 Nd7 11. O-O c5 12. Bd5 Rb8 13. Bf4 Rb6 14. a4 b4 15. a5 Ra6 16. cxb4 cxb4 17. Qb3 Rxa5 18. Qxb4 Rxa1 19. Rxa1 Nf6 20. Bc6 a6 21. f3 Ne8 22. Rc1 Nd6 23. d5 a5 24. Qc5 Ba6 25. Nd4 Qb8 26. e5 Nf5 27. Nxf5 gxf5 28. d6 e6 29. h4 Qb2 30. Qxa5 Qd4+ 31. Kh1 Qxf4 32. Qe1 Bxe5 33. g3 Qxg3 34. Qxg3+ Bxg3 35. Rg1 f4 36. d7 Rd8 37. Rb1 Bxh4 38. Rb6 Bd3 39. Rb7 Kf8 40. Kg2 Be7 41. Kh3 Bf5+ 42. Kg2 h5 43. Ra7 h4 44. Rc7 Kg7 45. Kh2 Kf6 46. Rc8 Ke5 47. Ba4 Kd6 48. Rc6+ Kd5 49. Rc8 e5 50. Rc1 Bxd7 51. Rd1+ Ke6 52. Bb3+ Kf6 53. Rg1 Bc6 54. Ra1 Rd2+ 55. Kh3 Bd7+ 56. Kxh4 Rh2# 0-1


[Site "https://www.chess.com"]

[Event "Titled Tuesday Blitz October 31 Early 2023"]
[White "Komov, Roman"]
[Black "Richter, Paul"]
[WhiteFideId "24175714"]
[BlackFideId "2046350"]
[WhiteElo "2777"]
[BlackElo "2543"]
[Result "1-0"]
[Round "2"]
[TimeControl "180+1"]
[Date "2023.10.31"]
[WhiteClock "0:01:04"]
[BlackClock "0:00:00"]
[Board "51"]

1. e4 c5 2. Nf3 d6 3. Bb5+ Nc6 4. O-O Bd7 5. Re1 Nf6 6. c3 a6 7. Bf1 Bg4 8. d4 Bxf3 9. gxf3 cxd4 10. cxd4 e5 11. d5 Ne7 12. Be3 Ng6 13. Nd2 Be7 14. Nc4 b5 15. Nd2 O-O 16. a4 b4 17. Rc1 Nh5 18. Rc6 Ngf4 19. Nc4 f5 20. Kh1 Rf6 21. Nb6 Rb8 22. Bxa6 Bf8 23. Bc8 fxe4 24. fxe4 Rg6 25. Rg1 Qh4 26. Rg4 Qh3 27. Rxg6 Rxc8 28. Rg1 Re8 29. a5 Re7 30. a6 1-0


[Site "https://www.chess.com"]

[Event "Titled Tuesday Blitz October 31 Early 2023"]
[White "Herzog2012"]
[Black "Samsonkin, Artiom"]
[BlackFideId "13503111"]
[WhiteElo "2542"]
[BlackElo "2777"]
[Result "1-0"]
[Round "2"]
[TimeControl "180+1"]
[Date "2023.10.31"]
[WhiteClock "0:00:04"]
[BlackClock "0:00:00"]
[Board "52"]

1. e4 c5 2. Nf3 e6 3. d4 cxd4 4. Nxd4 a6 5. Nc3 b5 6. Bd3 Bb7 7. O-O Nc6 8. Nxc6 Bxc6 9. Re1 Bc5 10. a4 b4 11. Nd5 Ne7 12. Qg4 O-O 13. Nxe7+ Qxe7 14. e5 f5 15. Qf4 Rf7 16. h4 h6 17. h5 a5 18. Be3 Rc8 19. Bxc5 Qxc5 20. Re3 Bd5 21. Rg3 Kf8 22. Re1 Bc6 23. b3 Bb7 24. Ree3 Qb6 25. Rg6 Ba6 26. Reg3 Bxd3 27. cxd3 Qc7 28. Kh2 Qc1 29. Qd4 Qc5 30. Qc4 Qxc4 31. dxc4 Rc5 32. Re3 Kg8 33. f4 Rf8 34. Rd3 Rd8 35. Rd6 Kf7 36. Kg3 Rc6 37. Kf3 Rxd6 38. exd6 Rc8 39. Ke3 Rc6 40. Kd3 Rxd6+ 41. Kc2 Rd4 42. g3 Re4 43. Kd3 d6 44. Kd2 Kf8 45. Kd3 Re1 46. Kd2 Re4 47. Kd3 Kf7 48. Kd2 e5 49. fxe5 dxe5 50. Ra6 Rd4+ 51. Ke3 Re4+ 52. Kd3 Rg4 53. Rxa5 Rxg3+ 54. Kc2 Rc3+ 55. Kb2 e4 56. Rxf5+ Ke6 57. Rf8 e3 58. a5 Ke7 59. Rf4 Kd6 60. a6 Kc6 61. Re4 Kb6 62. Re6+ Ka7 63. Rg6 e2 64. Rxg7+ Kxa6 65. Re7 Rh3 66. Rxe2 Rxh5 67. Re6+ Kb7 68. Kc2 Rh2+ 69. Kc1 Rh3 70. Kc2 h5 71. Re5 h4 72. Rb5+ Kc7 73. Rxb4 Rh2+ 74. Kc3 Rh3+ 75. Kb2 Rh2+ 76. Ka3 h3 77. Rb5 Rh1 78. Rh5 Kc6 79. Kb4 Kd6 80. Rh6+ Ke5 81. Kc5 Kf4 82. b4 Kg4 83. b5 Rf1 84. b6 Rf5+ 85. Kc6 Rf8 86. b7 Rg8 87. Kb6 Kg3 88. c5 h2 89. c6 Kg2 90. Rxh2+ 1-0


[Site "https://www.chess.com"]